 Dungeon Crawl Stone Soup version 0.24-a0-479-g9a978d2894 (webtiles) character file.

Game seed: 14184319878730545808

15929 mopl the Fighter (level 12, -16/133 HPs)
             Began as an Ogre Berserker on July 8, 2019.
             Was an Elder of Trog.
             Demolished by a naga
             ... wielding a +0 halberd
              (19 damage)
             ... on level 2 of the Lair of Beasts on July 9, 2019.
             The game lasted 00:28:36 (15822 turns).

mopl the Fighter (Ogre Berserker)                  Turns: 15822, Time: 00:28:37

Health: -16/133    AC:  6    Str: 24    XL:     12   Next: 32%
Magic:  0/14       EV:  7    Int:  8    God:    Trog [****..]
Gold:   1278       SH:  0    Dex: 12    Spells: 11/11 levels left

rFire    . . .     SeeInvis .   b - +0 giant spiked club
rCold    . . .     Gourm    .   (shield currently unavailable)
rNeg     . . .     Faith    .   U - +0 troll leather armour
rPois    .         Spirit   +   (helmet restricted)
rElec    .         Reflect  .   (no cloak)
rCorr    +         Harm     .   (gloves unavailable)
MR       +....                  (boots unavailable)
Stlth    +.........             M - amulet of guardian spirit
HPRegen  0.72/turn              N - ring of resist corrosion
MPRegen  0.14/turn              F - +1 ring of protection

@: berserk cooldown, slowed, constricted, very slow
A: large, unfitting armour, tough skin 1
a: Berserk, Trog's Hand, Brothers in Arms, Renounce Religion


You were on level 2 of the Lair of Beasts.
You worshipped Trog.
Trog was greatly pleased with you.
You were very hungry.

You visited 2 branches of the dungeon, and saw 13 of its levels.
You also visited: Sewer and Ossuary.

You collected 1278 gold pieces.

Inventory:

Hand Weapons
 a - a +1 whip of draining
 b - a +0 giant spiked club (weapon)
 O - a +3 morningstar
Missiles
 p - 84 poisoned darts (quivered)
 u - 18 large rocks
 w - a throwing net
 E - 4 datura-tipped darts
 I - 3 curare-tipped darts
Armour
 U - a +0 troll leather armour (worn)
Jewellery
 i - an uncursed ring of fire
 F - a +1 ring of protection (right hand)
 K - a +5 amulet of reflection
 L - an uncursed ring of protection from cold
 M - an amulet of guardian spirit (around neck)
 N - a ring of resist corrosion (left hand)
Wands
 o - a wand of flame (13)
 A - a wand of enslavement (6)
 H - a wand of clouds (6)
 Q - a wand of paralysis (8)
 T - a wand of acid (10)
Scrolls
 d - 4 scrolls of amnesia {unknown}
 e - 7 scrolls of remove curse
 f - 5 scrolls of fear {unknown}
 g - 7 scrolls of teleportation {unknown}
 j - 2 scrolls of noise {unknown}
 r - 2 scrolls of random uselessness {unknown}
 y - 4 scrolls of blinking {unknown}
 z - 7 scrolls of magic mapping {unknown}
 D - 3 scrolls of fog {unknown}
 G - 2 scrolls of enchant weapon {unknown}
 R - 2 scrolls of torment {unknown}
 S - a scroll of vulnerability {unknown}
Potions
 h - a potion of resistance
 k - 6 potions of might
 l - 8 potions of curing
 m - 3 potions of cancellation
 n - 4 potions of heal wounds
 q - a potion of magic
 s - 6 potions of flight
 t - 5 potions of lignification {!q}
 v - a potion of ambrosia
 x - a potion of agility
 B - 3 potions of haste
 C - a potion of invisibility
Miscellaneous
 J - a phantom mirror
Comestibles
 c - 22 rations


   Skills:
 + Level 12.8 Fighting
 * Level 12.5 Maces & Flails
 + Level 9.6 Throwing
 - Level 2.6 Dodging
 + Level 3.9 Evocations


You had 11 spell levels left.
You didn't know any spells.
Your spell library contained the following spells:

 Spells                   Type           Power        Failure   Level  Hunger
 Freeze                   Ice            #...         45%         1    ##.....
 Throw Frost              Conj/Ice       #.....       58%         2    ###....
 Ozocubu's Armour         Chrm/Ice       #.......     83%         3    ####...
 Summon Ice Beast         Ice/Summ       #.......     99%         4    #####..
 Throw Icicle             Conj/Ice       #.......     99%         4    #####..


Dungeon Overview and Level Annotations

Branches:
Dungeon (11/15)            Temple (0/1) D:5            Lair (2/6) D:10
    Orc (0/2) D:10
  Swamp: Lair:2-4    Shoals: Lair:2-4     Snake: Lair:2-4    Spider: Lair:2-4

Altars:
Ashenzari
Gozag
Kikubaaqudgha
Nemelex Xobeh
Okawaru
Trog
Wu Jian
Xom


Innate Abilities, Weirdness & Mutations

You are too large for most types of armour.
You have tough skin. (AC +1)


Message History

* * * LOW HITPOINT WARNING * * *
The naga grabs you.
* * * LOW HITPOINT WARNING * * *
The naga constricts you. The naga spits poison at you.
The splash of poison hits you but does no damage.
You are more poisoned.
* * * LOW HITPOINT WARNING * * *
The naga constricts you.
You hit the naga but do no damage.
You feel very sick. The naga hits you with a +0 halberd!
* * * LOW HITPOINT WARNING * * *
x2 The naga constricts you.
Unknown command.
It was a potion of curing.
You feel better. The naga hits you with a +0 halberd!
* * * LOW HITPOINT WARNING * * *
x2 The naga constricts you.
The naga hits you with a +0 halberd!!
You die...

.. #. ##. #.. ..# #..
..# #.. ..# # #.. ..#
...# #.)###..#
#..###.. #N@)..#
........
#.....###.......
##N).###.#.....
####.##.....#.#
####P...........##
...............P.###..
##.##....###..........
# ##...# ###........
#....####...###...


You could see 2 nagas.

Vanquished Creatures
  A hydra (D:11)
  A catoblepas (Lair:2)
  An ugly thing (D:11)
  A cyclops (D:11)
  A black mamba (Lair:1)
  A gargoyle (D:10)
  A spiny frog (Lair:1)
  4 komodo dragons
  4 trolls
  Grinder (D:5)
  Prince Ribbit (D:7)
  3 hippogriffs
  6 blink frogs
  A spriggan (D:10)
  A wraith (D:11)
  A wyvern (D:11)
  3 yaks (D:9)
  3 nagas (Lair:2)
  3 porcupines
  2 orc warriors (D:11)
  3 ice beasts
  2 sky beasts
  A phantom (D:6)
  5 ogres
  4 wolves (Lair:1)
  3 centaurs
  5 crocodiles
  3 big kobolds (Sewer)
  7 bullfrogs
  A gnoll sergeant (D:9)
  2 scorpions
  13 killer bees
  6 wights
  6 howler monkeys
  4 crimson imps
  2 bullfrog zombies (D:5)
  4 centaur zombies
  2 quasits
  3 hounds
  7 orc priests
  2 jellies
  3 bullfrog skeletons
  A gnoll shaman (D:9)
  6 worker ants
  5 iguanas
  7 orc wizards
  A hound zombie (D:9)
  A hound skeleton (D:7)
  8 mummies (Ossuary)
  A howler monkey zombie (D:6)
  3 worker ant zombies
  19 adders
  10 gnolls (D:9)
  A shadow imp (D:5)
  2 oozes
  An adder skeleton (D:6)
  9 worms
  A dart slug (D:4)
  7 leopard geckos
  25 orcs
  7 bats
  7 giant cockroaches
  6 goblins
  7 hobgoblins
  17 jackals
  7 quokkas
  4 ball pythons (Sewer)
  11 frilled lizards
  A gnoll zombie (Ossuary)
  A hobgoblin zombie (Ossuary)
  16 kobolds
  3 kobold zombies (Ossuary)
  A leopard gecko zombie (D:4)
  3 orc zombies (Ossuary)
  12 rats
  2 plants (D:10)
341 creatures vanquished.

Vanquished Creatures (collateral kills)
  3 blink frogs (Lair:2)
  A hippogriff (D:8)
  A sky beast (D:9)
  A crocodile (D:11)
  A bullfrog (D:8)
  11 killer bees
18 creatures vanquished.

Grand Total: 359 creatures vanquished

Notes
Turn   | Place    | Note
-------+----------+-------------------------------------------
     0 | D:1      | mopl the Ogre Berserker began the quest for the Orb.
     0 | D:1      | Reached XP level 1. HP: 24/24 MP: 1/1
    33 | D:1      | Reached XP level 2. HP: 31/32 MP: 2/2
    58 | D:1      | Reached skill level 3 in Maces & Flails
   698 | D:1      | Reached skill level 1 in Throwing
   754 | D:1      | Reached XP level 3. HP: 40/40 MP: 3/3
   844 | D:2      | Reached ** piety under Trog
  1180 | D:2      | Reached XP level 4. HP: 30/49 MP: 4/4
  1685 | D:2      | Reached skill level 4 in Maces & Flails
  1943 | D:3      | Reached skill level 5 in Fighting
  1948 | D:3      | Reached XP level 5. HP: 57/57 MP: 5/5
  2061 | D:3      | Reached skill level 2 in Throwing
  2143 | D:3      | Reached *** piety under Trog
  2197 | D:3      | Found a glowing drain.
  2201 | Sewer    | Entered a sewer
  2446 | Sewer    | Noticed a big kobold
  2452 | Sewer    | Killed a big kobold
  2452 | Sewer    | Reached XP level 6. HP: 66/66 MP: 6/6
  2513 | Sewer    | Reached skill level 5 in Maces & Flails
  2589 | Sewer    | Reached skill level 6 in Fighting
  2589 | Sewer    | Reached skill level 3 in Throwing
  3330 | D:4      | Reached XP level 7. HP: 75/75 MP: 7/7
  3567 | D:4      | Found an iron altar of Okawaru.
  3568 | D:4      | Found an ornate altar of the Wu Jian Council.
  3568 | D:4      | Found a shimmering altar of Xom.
  3569 | D:4      | Found an opulent altar of Gozag.
  4073 | D:5      | Entered Level 5 of the Dungeon
  4073 | D:5      | Found a sparkling altar of Nemelex Xobeh.
  4095 | D:5      | Found an ancient bone altar of Kikubaaqudgha.
  4453 | D:5      | Noticed Grinder
  4460 | D:5      | Killed Grinder
  4460 | D:5      | Reached skill level 7 in Fighting
  4460 | D:5      | Reached skill level 6 in Maces & Flails
  4460 | D:5      | Reached skill level 4 in Throwing
  4460 | D:5      | Reached XP level 8. HP: 87/87 MP: 8/8
  4521 | D:5      | Found a staircase to the Ecumenical Temple.
  4725 | D:5      | Reached **** piety under Trog
  5770 | D:6      | Reached skill level 7 in Maces & Flails
  5839 | D:6      | Found a sparkling altar of Nemelex Xobeh.
  5969 | D:7      | Reached skill level 5 in Throwing
  6023 | D:7      | Reached skill level 8 in Fighting
  6682 | D:6      | Reached XP level 9. HP: 82/97 MP: 9/9
  7164 | D:6      | Reached skill level 8 in Maces & Flails
  7757 | D:7      | Noticed Prince Ribbit
  7780 | D:7      | Killed Prince Ribbit
  7785 | D:7      | Reached skill level 9 in Fighting
  8051 | D:7      | Reached ***** piety under Trog
  8051 | D:7      | Reached skill level 6 in Throwing
  8419 | D:8      | Reached skill level 9 in Maces & Flails
  8561 | D:8      | Found a sand-covered staircase.
  8638 | Ossuary  | Entered an ossuary
  8745 | Ossuary  | Received a gift from Trog
  8977 | D:8      | Reached XP level 10. HP: 81/110 MP: 5/10
  9723 | D:9      | Reached skill level 10 in Fighting
  9723 | D:9      | Reached skill level 7 in Throwing
  9798 | D:9      | Received a gift from Trog
 10096 | D:9      | Found a shattered altar of Ashenzari.
 10127 | D:9      | Reached skill level 10 in Maces & Flails
 10939 | D:9      | Received a gift from Trog
 11147 | D:10     | Entered Level 10 of the Dungeon
 11302 | D:10     | Found a staircase to the Lair.
 11762 | D:10     | Noticed a gargoyle
 11775 | D:10     | Killed a gargoyle
 11775 | D:10     | Reached skill level 11 in Fighting
 11972 | D:10     | Reached skill level 8 in Throwing
 11983 | D:10     | Found a staircase to the Orcish Mines.
 12333 | D:10     | Reached skill level 11 in Maces & Flails
 12333 | D:10     | Reached XP level 11. HP: 104/120 MP: 8/11
 13354 | D:11     | Reached skill level 1 in Evocations
 13421 | D:11     | Noticed a white ugly thing
 13425 | D:11     | Noticed a seven-headed hydra
 13439 | D:11     | Killed a white ugly thing
 13516 | D:11     | Killed a seven-headed hydra
 13740 | D:11     | Reached skill level 2 in Evocations
 13993 | D:11     | Noticed a cyclops
 14013 | D:11     | Killed a cyclops
 14013 | D:11     | Reached skill level 12 in Fighting
 14347 | Lair:1   | Entered Level 1 of the Lair of Beasts
 14490 | Lair:1   | Reached skill level 9 in Throwing
 14562 | Lair:1   | Found a bloodstained altar of Trog.
 14613 | D:10     | Received a gift from Trog
 14754 | Lair:1   | Reached skill level 12 in Maces & Flails
 14765 | Lair:1   | Reached skill level 3 in Evocations
 14988 | Lair:1   | Reached XP level 12. HP: 121/133 MP: 14/14
 15455 | Lair:2   | HP: 6/133 [blink frog (12)]
 15808 | Lair:2   | Noticed a catoblepas
 15817 | Lair:2   | Killed a catoblepas
 15821 | Lair:2   | HP: 5/133 [naga/+0 halberd (15)]
 15822 | Lair:2   | Demolished by a naga

Levels and vault maps discovered:
D:1:      dpeg_arrival_rhombus, layout_basic
D:2:      layout_loops_ring
D:3:      layout_basic, gup_sewer_entry_spiral
D:4:      layout_loops_ring, chequers_temple_overflow_statue_of_worship,
          grunt_ministairs_2, eino_tiny_chamber
D:5:      minmay_polygon_palace, layout_basic,
          nemelex_xobeh_ov_fountains_minmay, minmay_temple_entry_overgrown,
          first_ration, basic_altar, uniq_grinder
D:6:      layout_basic, nemelex_spade_bored_becter
D:7:      layout_gridville, uniq_prince_ribbit1
D:8:      layout_basic, nicolae_ossuary_entry_ruins
D:9:      layout_loops_cross, evilmike_ruin_ashenzari
D:10:     layout_layer_cave, dpeg_oklobed_lair, orc_0_dummy, the_bakery
D:11:     layout_cave_pods
Lair:1:   layout_gridlike, basic_altar, beast_lair_carwin_2,
          infiniplex_staircase_pool_2
Lair:2:   layout_small_grid, minmay_snake_entry_guardpost_medium,
          serial_bayou_shore_b

Skill      XL: |  1  2  3  4  5  6  7  8  9 10 11 |
---------------+----------------------------------+-----
Maces & Flails | 3 4 5 6 7 9 11 12 | 12.5
Throwing       | 1 2 3 4 5 6 8 9 |  9.6
Fighting       | 5 6 7 8 9 11 12 | 12.8
Evocations     | 3 |  3.9
Dodging        | |  2.6

Action                   |  1- 3 |  4- 6 |  7- 9 | 10-12 || total
-------------------------+-------+-------+-------+-------++-------
Melee: Mace              |   111 |    11 |       |       ||   122
       Whip              |       |   210 |   515 |   460 ||  1185
       Giant club        |       |       |    12 |       ||    12
       Morningstar       |       |       |    29 |       ||    29
       Giant spiked club |       |       |       |   178 ||   178
Throw: Large rock        |       |       |       |    11 ||    11
       Dart              |       |       |       |     5 ||     5
Invok: Berserk           |     3 |     7 |    11 |    17 ||    38
       Brothers in Arms  |       |       |     1 |     4 ||     5
Evoke: Wand              |       |       |     2 |       ||     2
  Use: Scroll            |       |       |     7 |     9 ||    16
       Potion            |       |       |       |     1 ||     1
 Stab: Sleeping          |       |       |     1 |     1 ||     2
  Eat: Chunk             |     3 |    13 |    25 |    34 ||    75
       Ration            |       |       |     1 |     2 ||     3
Armor: Animal skin       |    36 |    49 |   120 |    69 ||   274
       Troll leather arm |       |       |       |    82 ||    82
Dodge: Dodged            |    79 |   113 |   207 |   295 ||   694

Table legend:
 A = Non-vault XP
 B = Vault XP
 C = Vault XP percentage of total XP
 D = Non-vault monster count
 E = Vault monster count
 F = Vault count percentage of total count
                 A         B        C        D         E       F
            +---------+---------+-------+---------+---------+-------
      Total |   20138 |    2618 |  11.5 |     287 |      70 |  19.6
            +---------+---------+-------+---------+---------+-------
        D:1 |      36 |       0 |   0.0 |      22 |       0 |   0.0
        D:2 |     116 |       0 |   0.0 |      28 |       0 |   0.0
        D:3 |      74 |      63 |  46.0 |      18 |       8 |  30.8
        D:4 |     106 |      39 |  26.9 |      10 |       2 |  16.7
        D:5 |     328 |     584 |  64.0 |      14 |      11 |  44.0
        D:6 |     712 |       0 |   0.0 |      18 |       0 |   0.0
        D:7 |     702 |     274 |  28.1 |      27 |       1 |   3.6
        D:8 |    1452 |       0 |   0.0 |      21 |       0 |   0.0
        D:9 |    2226 |       0 |   0.0 |      38 |       0 |   0.0
       D:10 |    3158 |     220 |   6.5 |      28 |       1 |   3.4
       D:11 |    4957 |       0 |   0.0 |      38 |       0 |   0.0
     Lair:1 |    3464 |     469 |  11.9 |      15 |       4 |  21.1
     Lair:2 |    2807 |     495 |  15.0 |      10 |       3 |  23.1
      Sewer |       0 |     326 | 100.0 |       0 |      24 | 100.0
    Ossuary |       0 |     148 | 100.0 |       0 |      16 | 100.0
            +---------+---------+-------+---------+---------+-------
